Mustangs vs Monarchs
Created - December 3, 2017 at 21:14
Goals
|
Mustangs |
0 |
1 |
4 |
5 |
Monarchs |
0 |
1 |
0 |
1 |
|
Shots
|
Mustangs |
9 |
8 |
19 |
36 |
Monarchs |
8 |
9 |
7 |
24 |
|
1st period
No Goal
Penalties :
Tom Pyatt (MAN) for Roughing (Minor) at 7:54, Nikita Kucherov (MAN) for Hooking (Minor) at 0:00
2nd period
1. Monarchs , Tom Pyatt 5 (Jeff Skinner 9) at 6:48
2. Mustangs , Justin Williams 1 (Cameron Gaunce 14) at 18:59
Penalties :
Kyle Clifford (MAN) for Holding (Minor) at 2:32, Tomas Kubalik (MAN) for Roughing (Minor) at 12:34
3rd period
3. Mustangs , Eric Wellwood 17 (Riley Sheahan 31, Josh Jooris 16) at 2:51
4. Mustangs , Eric Wellwood 18 (Josh Jooris 17) at 8:25
5. Mustangs , Marcus Foligno 8 (Andrew Shaw 9, Jim O'Brien 6) at 13:04
6. Mustangs , Andrew Shaw 12 (Alexei Marchenko 7, Andreas Athanasiou 1) at 17:01
Penalties :
Alec Martinez (MAN) for Interference (Minor) at 3:10
Goalie Stats
Peter Mannino (Ham), 23 saves from 24 shots - (0.958), W, 8-7-3, 60:00 minutes
Darcy Kuemper (MAN), 31 saves from 36 shots - (0.861), L, 0-2-0, 60:00 minutes
Players Stats for Mustangs
Player Name G A P +/- PIM S H SB GA TA FO MP PP MP PK MP
------------------------------------------------------------------------------------
Alexei Marchenko 0 1 1 4 0 0 1 3 1 1 0/0 22:04 4:37 0:00
Andreas Athanasiou 0 1 1 1 0 2 0 1 0 0 1/3 11:01 0:00 0:00
Andrew Shaw 1 1 2 2 0 2 1 0 0 0 0/0 17:05 4:31 0:00
Brady Skjei 0 0 0 0 0 4 0 2 3 0 0/0 25:55 5:19 0:00
Cameron Gaunce 0 1 1 0 0 6 7 2 0 2 0/0 25:55 5:19 0:00
Curtis Hamilton 0 0 0 0 0 0 0 0 0 0 0/0 8:55 0:00 0:00
Denis Bodrov 0 0 0 0 0 0 1 0 0 1 0/0 12:01 0:00 0:00
Eric Wellwood 2 0 2 1 0 5 1 1 0 1 0/0 22:59 5:25 0:00
Jerome Samson 0 0 0 0 0 1 0 0 0 0 1/1 8:55 0:00 0:00
Jim O'Brien 0 1 1 2 0 3 1 1 0 0 9/16 17:05 4:31 0:00
Josh Jooris 0 2 2 1 0 1 3 0 1 0 0/0 22:59 5:25 0:00
Joshua Leivo 0 0 0 1 0 1 1 0 0 0 0/0 11:01 0:00 0:00
Justin Williams 1 0 1 1 0 2 1 0 0 0 0/0 11:01 0:00 0:00
Marcus Foligno 1 0 1 2 0 4 1 1 1 0 0/0 17:05 4:31 0:00
Mark Pysyk 0 0 0 4 0 0 2 2 3 0 0/0 22:04 4:37 0:00
Rick Schofield 0 0 0 0 0 1 0 0 0 1 3/4 8:55 0:00 0:00
Riley Sheahan 0 1 1 1 0 3 1 1 3 0 20/35 22:59 5:25 0:00
Scott Mayfield 0 0 0 0 0 1 0 1 0 0 0/0 12:01 0:00 0:00
Players Stats for Monarchs
Player Name G A P +/- PIM S H SB GA TA FO MP PP MP PK MP
------------------------------------------------------------------------------------
Alec Martinez 0 0 0 -1 2 0 2 2 0 1 0/0 23:25 0:00 3:09
Brandon Gormley 0 0 0 0 0 2 3 1 0 3 0/0 23:13 0:00 4:00
Bryan Rust 0 0 0 0 0 0 2 0 0 0 0/1 12:21 0:00 5:26
Chris Tierney 0 0 0 -2 0 0 2 1 0 0 8/27 18:54 0:00 2:21
Colton Sissons 0 0 0 0 0 0 1 0 0 0 1/1 6:55 0:00 0:00
Connor Brown 0 0 0 -2 0 1 2 0 0 0 1/1 15:40 0:00 0:00
Igor Makarov 0 0 0 0 0 0 0 0 0 0 0/0 0:00 0:00 0:00
Jeff Skinner 0 1 1 -2 0 0 0 0 0 0 1/1 15:12 0:00 0:00
Joe Morrow 0 0 0 -3 0 0 0 1 0 1 0/0 12:13 0:00 0:51
Jordie Benn 0 0 0 -3 0 0 2 1 0 0 0/0 16:58 0:00 5:56
Kyle Clifford 0 0 0 -2 2 5 2 0 0 1 2/3 17:28 0:00 1:21
Matt Tennyson 0 0 0 -1 0 2 0 3 1 2 0/0 26:14 0:00 5:56
Nikita Kucherov 0 0 0 -2 2 1 1 0 2 0 0/0 15:14 0:00 0:00
Patrick Maroon 0 0 0 0 0 1 1 0 1 0 0/0 10:36 0:00 3:00
Riley Cote 0 0 0 0 0 2 2 0 0 1 3/5 16:17 0:00 5:08
Roman Josi 0 0 0 0 0 0 2 2 1 1 0/0 18:24 0:00 0:00
Ryan White 0 0 0 0 0 2 0 0 0 1 3/8 11:23 0:00 0:00
Tom Pyatt 1 0 1 -2 2 3 5 1 0 1 6/12 18:08 0:00 2:36
Tomas Kubalik 0 0 0 0 2 5 0 0 1 0 0/0 11:25 0:00 0:00
3 Stars
1 - Eric Wellwood (Ham)
2 - Andrew Shaw (Ham)
3 - Alexei Marchenko (Ham)
Power Play
Mustangs - 0 on 5 Attempt(s) - 0.00%
Monarchs - 0 on 0 Attempt(s) - 0.00%
Penalty Kill
Mustangs - 0 on 0 Attempt(s) - 0.00%
- Score 0 goal in Penalty Kill
Monarchs - 5 on 5 Attempt(s) - 100.00%
- Score 0 goal in Penalty Kill
Team Stat
Mustangs - Hits : 21 - Faceoff Wins : 34 - Blocked Shots : 15 - Penalty Minutes : 0
Monarchs - Hits : 27 - Faceoff Wins : 25 - Blocked Shots : 12 - Penalty Minutes : 10
Official
Referees : Auger Stephane and Banfield David
Linesman : Mark Shewchyk and Don Henderson
Game Notes
No Game Note
Finance
Level 1 -- Attendance: 1366 (68.30%) -- Ticket Income $54,640
Level 2 -- Attendance: 661 (66.10%) -- Ticket Income $13,220
Total Attendance: 2027 (67.57%)
Total Ticket Income: $67,860
Other Income: $3,393
Total Income: $71,253
Mustangs
5 vs 5 Forward
Center Left Wing Right Wing Time % Phy DF OF
1 Riley Sheahan Eric Wellwood Josh Jooris 40 1 2 2
2 Jim O'Brien Marcus Foligno Andrew Shaw 30 1 2 2
3 Andreas Athanasiou Joshua Leivo Justin Williams 20 1 2 2
4 Rick Schofield Curtis Hamilton Jerome Samson 10 1 2 2
5 vs 5 Defense
Defense Defense Time % Phy DF OF
1 Cameron Gaunce Brady Skjei 44 1 2 2
2 Alexei Marchenko Mark Pysyk 33 1 2 2
3 Denis Bodrov Scott Mayfield 23 1 2 2
4 Cameron Gaunce Brady Skjei 0 1 2 2
PowerPlay Forward
Center Left Wing Right Wing Time % Phy DF OF
1 Riley Sheahan Eric Wellwood Josh Jooris 60 1 2 2
2 Jim O'Brien Marcus Foligno Andrew Shaw 40 1 2 2
PowerPlay Defense
Defense Defense Time % Phy DF OF
1 Cameron Gaunce Brady Skjei 60 1 2 2
2 Alexei Marchenko Mark Pysyk 40 1 2 2
Penalty Kill 4 Players Forward
Center Wing Time % Phy DF OF
1 Riley Sheahan Marcus Foligno 60 1 2 2
2 Jim O'Brien Josh Jooris 40 1 2 2
Penalty Kill 4 Players Defense
Defense Defense Time % Phy DF OF
1 Cameron Gaunce Brady Skjei 60 1 2 2
2 Alexei Marchenko Mark Pysyk 40 1 2 2
Penalty Kill - 3 Players Forward
Forward Time % Phy DF OF
1 Riley Sheahan 60 1 2 2
2 Jim O'Brien 40 1 2 2
Penalty Kill - 3 Players Defense
Defense Defense Time % Phy DF OF
1 Cameron Gaunce Brady Skjei 60 1 2 2
2 Alexei Marchenko Mark Pysyk 40 1 2 2
4 vs 4 Forward
Center Wing Time % Phy DF OF
1 Riley Sheahan Marcus Foligno 60 1 2 2
2 Jim O'Brien Josh Jooris 40 1 2 2
4 vs 4 Defense
Defense Defense Time % Phy DF OF
1 Cameron Gaunce Brady Skjei 60 1 2 2
2 Alexei Marchenko Mark Pysyk 40 1 2 2
Last Minutes Offensive
Center Left Wing Right Wing Defense Defense
Riley Sheahan Marcus Foligno Josh Jooris Cameron Gaunce Brady Skjei
Last Minutes Defensive
Center Left Wing Right Wing Defense Defense
Riley Sheahan Marcus Foligno Josh Jooris Cameron Gaunce Brady Skjei
Goaltenders
Starting : Peter Mannino
Backup : Chet Pickard
Extra Forwards
Normal : Riley Sheahan, Andrew Shaw, Justin Williams - PP : Riley Sheahan, Andrew Shaw - PK : Marcus Foligno
Extra Defensemen
Normal : Cameron Gaunce, Alexei Marchenko, Denis Bodrov - PP : Cameron Gaunce - PK : Alexei Marchenko, Denis Bodrov
Penalty Shots
Andreas Athanasiou, Rick Schofield, Andrew Shaw, Marcus Foligno, Josh Jooris
Scratches
Roman Horak (Healthy), Dominik Uher (Healthy), Joe Finley (Healthy), Eric Knodel (Healthy), Matthew Finn (Healthy)
Danny Biega (Healthy), Raphael Bussieres (Healthy), Sam Kurker (Healthy), Max Gortz (Healthy), Riley Nash (Healthy)
Francis Paré (Healthy), Justin Peters (Healthy), Joacim Eriksson (Healthy)
Monarchs
5 vs 5 Forward
Center Left Wing Right Wing Time % Phy DF OF
1 Chris Tierney Kyle Clifford Connor Brown 35 1 1 3
2 Tom Pyatt Jeff Skinner Nikita Kucherov 35 1 1 3
3 Ryan White Riley Cote Tomas Kubalik 25 1 1 3
4 Colton Sissons Patrick Maroon Bryan Rust 5 1 2 2
5 vs 5 Defense
Defense Defense Time % Phy DF OF
1 Alec Martinez Matt Tennyson 40 0 3 2
2 Roman Josi Brandon Gormley 40 1 3 1
3 Jordie Benn Joe Morrow 20 1 3 1
4 Brandon Gormley Joe Morrow 0 1 2 2
PowerPlay Forward
Center Left Wing Right Wing Time % Phy DF OF
1 Tom Pyatt Nikita Kucherov Connor Brown 60 0 1 4
2 Chris Tierney Jeff Skinner Kyle Clifford 40 0 1 4
PowerPlay Defense
Defense Defense Time % Phy DF OF
1 Alec Martinez Brandon Gormley 60 0 2 3
2 Roman Josi Matt Tennyson 40 0 2 3
Penalty Kill 4 Players Forward
Center Wing Time % Phy DF OF
1 Riley Cote Bryan Rust 60 0 4 1
2 Tom Pyatt Patrick Maroon 40 0 4 1
Penalty Kill 4 Players Defense
Defense Defense Time % Phy DF OF
1 Jordie Benn Matt Tennyson 60 1 4 0
2 Alec Martinez Brandon Gormley 40 1 4 0
Penalty Kill - 3 Players Forward
Forward Time % Phy DF OF
1 Riley Cote 60 1 2 2
2 Bryan Rust 40 1 2 2
Penalty Kill - 3 Players Defense
Defense Defense Time % Phy DF OF
1 Matt Tennyson Jordie Benn 60 1 2 2
2 Alec Martinez Brandon Gormley 40 1 2 2
4 vs 4 Forward
Center Wing Time % Phy DF OF
1 Chris Tierney Kyle Clifford 60 1 2 2
2 Connor Brown Nikita Kucherov 40 1 2 2
4 vs 4 Defense
Defense Defense Time % Phy DF OF
1 Brandon Gormley Matt Tennyson 60 1 2 2
2 Alec Martinez Roman Josi 40 1 2 2
Last Minutes Offensive
Center Left Wing Right Wing Defense Defense
Tom Pyatt Kyle Clifford Nikita Kucherov Brandon Gormley Alec Martinez
Last Minutes Defensive
Center Left Wing Right Wing Defense Defense
Chris Tierney Riley Cote Bryan Rust Alec Martinez Matt Tennyson
Goaltenders
Starting : Darcy Kuemper
Backup : Niklas Backstrom
Extra Forwards
Normal : Nikita Kucherov, Connor Brown, Chris Tierney - PP : Riley Cote, Tomas Kubalik - PK : Chris Tierney
Extra Defensemen
Normal : Alec Martinez, Brandon Gormley, Matt Tennyson - PP : Joe Morrow - PK : Brandon Gormley, Joe Morrow
Penalty Shots
Nikita Kucherov, Jeff Skinner, Igor Makarov, Riley Cote, Tomas Kubalik
Scratches
Philip Varone (Healthy), Christophe Lalancette (Healthy), Jujhar Khaira (Healthy), Derek Forbort (Healthy), Jamie McGinn (Healthy)
Tyler McNeely (Healthy), Trevor Lewis (Healthy), Anthony Peluso (Healthy), Jake Muzzin (Healthy), Eric Gustafsson (Healthy)
Jeff Frazee (Healthy)
% Time on Ice - Mustangs
Lines # - Real PCT - Wanted PCT - Time Play
Normal Forward
1 - 35% - 40% - 17:34
2 - 25% - 30% - 12:34
3 - 22% - 20% - 11:01
4 - 18% - 10% - 8:55
Normal Defense
1 - 41% - 44% - 20:36
2 - 35% - 33% - 17:27
3 - 24% - 23% - 12:01
4 - 0% - 0% - 0:00
PP Forward
1 - 55% - 60% - 5:25
2 - 45% - 40% - 4:31
PP Defense
1 - 54% - 60% - 5:19
2 - 46% - 40% - 4:37
PK Forward
1 - 0% - 60%
2 - 0% - 40%
PK Defense
1 - 0% - 60%
2 - 0% - 40%
PK3 Forward
1 - 0% - 60%
2 - 0% - 40%
PK3 Defense
1 - 0% - 60%
2 - 0% - 40%
44 Forward
1 - 0% - 60%
2 - 0% - 40%
44 Defense
1 - 0% - 60%
2 - 0% - 40%
Last Minute Offensive - 0:00
Last Minute Defensive - 0:00
Total
Forward - 60:00
Defense - 60:00
|
% Time on Ice - Monarchs
Lines # - Real PCT - Wanted PCT - Time Play
Normal Forward
1 - 32% - 35% - 15:53
2 - 32% - 35% - 15:53
3 - 23% - 25% - 11:23
4 - 14% - 5% - 6:55
Normal Defense
1 - 40% - 40% - 19:49
2 - 39% - 40% - 19:25
3 - 20% - 20% - 10:07
4 - 1% - 0% - 0:43
PP Forward
1 - 0% - 60%
2 - 0% - 40%
PP Defense
1 - 0% - 60%
2 - 0% - 40%
PK Forward
1 - 70% - 60% - 6:56
2 - 30% - 40% - 3:00
PK Defense
1 - 58% - 60% - 5:47
2 - 42% - 40% - 4:09
PK3 Forward
1 - 0% - 60%
2 - 0% - 40%
PK3 Defense
1 - 0% - 60%
2 - 0% - 40%
44 Forward
1 - 0% - 60%
2 - 0% - 40%
44 Defense
1 - 0% - 60%
2 - 0% - 40%
Last Minute Offensive - 0:00
Last Minute Defensive - 0:00
Total
Forward - 60:00
Defense - 60:00
|
Play by Play
1st period
0:01 of 1st period - Chris Tierney wins face-off versus Riley Sheahan in neutral zone.
0:26 of 1st period - Alec Martinez is hit by Cameron Gaunce and loses puck.
0:50 of 1st period - Off-side.
0:51 of 1st period - Ryan White wins face-off versus Andreas Athanasiou in neutral zone.
0:56 of 1st period - Wrist shot by Riley Cote.
0:56 of 1st period - Shot Misses the Net.
0:58 of 1st period - Wrist shot by Ryan White.
0:58 of 1st period - Stopped by Peter Mannino with a rebound.
1:22 of 1st period - Snap shot by Eric Wellwood.
1:22 of 1st period - Stopped by Darcy Kuemper with a rebound.
2:09 of 1st period - Wrist shot by Bryan Rust.
2:09 of 1st period - Shot Blocked by Jim O'Brien.
2:11 of 1st period - Slapshot by Jordie Benn.
2:11 of 1st period - Shot Blocked by Cameron Gaunce.
2:13 of 1st period - Slapshot by Joe Morrow.
2:13 of 1st period - Deflect By Patrick Maroon.
2:13 of 1st period - Shot Blocked by Brady Skjei.
2:13 of 1st period - Puck is out of play.
2:14 of 1st period - Ryan White wins face-off versus Riley Sheahan in Mustangs zone.
2:17 of 1st period - Slapshot by Tomas Kubalik.
2:17 of 1st period - Stopped by Peter Mannino without a rebound.
2:18 of 1st period - Riley Sheahan wins face-off versus Ryan White in Mustangs zone.
2:27 of 1st period - Slapshot by Eric Wellwood.
2:27 of 1st period - Shot Misses the Net.
2:29 of 1st period - Snap shot by Eric Wellwood.
2:29 of 1st period - Shot Misses the Net.
2:51 of 1st period - Wrist shot by Jim O'Brien.
2:51 of 1st period - Shot Blocked by Alec Martinez.
3:23 of 1st period - Bryan Rust is hit by Cameron Gaunce and loses puck.
3:42 of 1st period - Slapshot by Matt Tennyson.
3:42 of 1st period - Deflect By Tomas Kubalik.
3:42 of 1st period - Stopped by Peter Mannino without a rebound.
3:43 of 1st period - Riley Sheahan wins face-off versus Ryan White in Mustangs zone.
4:15 of 1st period - Wrist shot by Connor Brown.
4:15 of 1st period - Stopped by Peter Mannino with a rebound.
5:22 of 1st period - Off-side.
5:23 of 1st period - Jim O'Brien wins face-off versus Tom Pyatt in neutral zone.
6:33 of 1st period - Brady Skjei is hit by Colton Sissons.
7:01 of 1st period - Snap shot by Marcus Foligno.
7:01 of 1st period - Deflect By Jim O'Brien.
7:01 of 1st period - Shot Hit the Post.
7:01 of 1st period - Puck is out of play.
7:02 of 1st period - Riley Sheahan wins face-off versus Kyle Clifford in Monarchs zone.
7:05 of 1st period - Snap shot by Eric Wellwood.
7:05 of 1st period - Stopped by Darcy Kuemper without a rebound.
7:06 of 1st period - Chris Tierney wins face-off versus Riley Sheahan in Monarchs zone.
7:17 of 1st period - Wrist shot by Riley Sheahan.
7:17 of 1st period - Shot Blocked by Brandon Gormley.
7:47 of 1st period - Wrist shot by Riley Sheahan.
7:47 of 1st period - Stopped by Darcy Kuemper without a rebound.
7:48 of 1st period - Jim O'Brien wins face-off versus Tom Pyatt in Monarchs zone.
7:51 of 1st period - Snap shot by Jim O'Brien.
7:51 of 1st period - Deflect By Marcus Foligno.
7:51 of 1st period - Shot Misses the Net.
7:51 of 1st period - Puck is out of play.
7:52 of 1st period - Tom Pyatt wins face-off versus Jim O'Brien in Monarchs zone.
7:54 of 1st period - Minor Penalty to Tom Pyatt for Roughing.
7:55 of 1st period - Riley Cote wins face-off versus Riley Sheahan in Monarchs zone.
7:55 of 1st period - Riley Cote is hit by Cameron Gaunce.
8:20 of 1st period - Matt Tennyson is hit by Jim O'Brien and loses puck.
8:27 of 1st period - Snap shot by Marcus Foligno.
8:27 of 1st period - Stopped by Darcy Kuemper with a rebound.
8:58 of 1st period - Chris Tierney is hit by Eric Wellwood and loses puck.
9:06 of 1st period - Icing by Mark Pysyk.
9:07 of 1st period - Chris Tierney wins face-off versus Riley Sheahan in Mustangs zone.
9:12 of 1st period - Snap shot by Kyle Clifford.
9:12 of 1st period - Shot Blocked by Riley Sheahan.
9:14 of 1st period - Slapshot by Matt Tennyson.
9:14 of 1st period - Shot Misses the Net.
9:30 of 1st period - Snap shot by Jim O'Brien.
9:30 of 1st period - Shot Misses the Net.
9:38 of 1st period - Wrist shot by Andrew Shaw.
9:38 of 1st period - Shot Misses the Net.
9:54 of 1st period - Penalty to Tom Pyatt is over, Tom Pyatt is back on ice.
9:58 of 1st period - Snap shot by Tom Pyatt.
9:58 of 1st period - Stopped by Peter Mannino with a rebound.
10:23 of 1st period - Slapshot by Cameron Gaunce.
10:23 of 1st period - Stopped by Darcy Kuemper with a rebound.
10:25 of 1st period - Slapshot by Brady Skjei.
10:25 of 1st period - Deflect By Jerome Samson.
10:25 of 1st period - Stopped by Darcy Kuemper with a rebound.
10:49 of 1st period - Slapshot by Andreas Athanasiou.
10:49 of 1st period - Stopped by Darcy Kuemper with a rebound.
11:09 of 1st period - Wrist shot by Kyle Clifford.
11:09 of 1st period - Shot Misses the Net.
11:11 of 1st period - Snap shot by Ryan White.
11:11 of 1st period - Shot Misses the Net.
11:25 of 1st period - Backhand shot by Rick Schofield.
11:25 of 1st period - Shot Misses the Net.
11:53 of 1st period - Brandon Gormley is hit by Mark Pysyk and loses puck.
12:15 of 1st period - Brandon Gormley is hit by Cameron Gaunce and loses puck.
13:30 of 1st period - Snap shot by Brandon Gormley.
13:30 of 1st period - Shot Hit the Post.
13:43 of 1st period - Icing by Denis Bodrov.
13:44 of 1st period - Jeff Skinner wins face-off versus Riley Sheahan in Mustangs zone.
13:53 of 1st period - Snap shot by Tom Pyatt.
13:53 of 1st period - Stopped by Peter Mannino with a rebound.
14:00 of 1st period - Off-side.
14:01 of 1st period - Jim O'Brien wins face-off versus Chris Tierney in neutral zone.
14:04 of 1st period - Wrist shot by Jim O'Brien.
14:04 of 1st period - Shot Blocked by Matt Tennyson.
14:10 of 1st period - Snap shot by Kyle Clifford.
14:10 of 1st period - Stopped by Peter Mannino with a rebound.
14:12 of 1st period - Slapshot by Alec Martinez.
14:12 of 1st period - Shot Blocked by Mark Pysyk.
14:16 of 1st period - Slapshot by Kyle Clifford.
14:16 of 1st period - Shot Misses the Net.
14:31 of 1st period - Slapshot by Cameron Gaunce.
14:31 of 1st period - Shot Blocked by Alec Martinez.
14:33 of 1st period - Slapshot by Cameron Gaunce.
14:33 of 1st period - Stopped by Darcy Kuemper with a rebound.
14:35 of 1st period - Snap shot by Josh Jooris.
14:35 of 1st period - Shot Misses the Net.
14:37 of 1st period - Slapshot by Riley Sheahan.
14:37 of 1st period - Shot Misses the Net.
14:53 of 1st period - Riley Cote is hit by Joshua Leivo.
15:24 of 1st period - Off-side.
15:25 of 1st period - Colton Sissons wins face-off versus Jim O'Brien in neutral zone.
15:50 of 1st period - Marcus Foligno is hit by Tom Pyatt and loses puck.
16:01 of 1st period - Slapshot by Jim O'Brien.
16:01 of 1st period - Stopped by Darcy Kuemper without a rebound.
16:02 of 1st period - Riley Sheahan wins face-off versus Chris Tierney in Monarchs zone.
16:27 of 1st period - Joshua Leivo is hit by Tom Pyatt and loses puck.
16:50 of 1st period - Wrist shot by Tomas Kubalik.
16:50 of 1st period - Stopped by Peter Mannino without a rebound.
16:51 of 1st period - Ryan White wins face-off versus Rick Schofield in Mustangs zone.
17:16 of 1st period - Ryan White is hit by Marcus Foligno and loses puck.
17:58 of 1st period - Icing by Mark Pysyk.
17:59 of 1st period - Tom Pyatt wins face-off versus Riley Sheahan in Mustangs zone.
18:15 of 1st period - Wrist shot by Eric Wellwood.
18:15 of 1st period - Shot Misses the Net.
18:31 of 1st period - Snap shot by Eric Wellwood.
18:31 of 1st period - Shot Blocked by Matt Tennyson.
19:35 of 1st period - Wrist shot by Josh Jooris.
19:35 of 1st period - Shot Misses the Net.
Goals for this period are 0 for Mustangs vs 0 for Monarchs .
Shots for this period are 9 for Mustangs vs 8 for Monarchs .
0:00 of 2nd period - Minor Penalty to Nikita Kucherov for Hooking.
Goals for this period are 0 for Mustangs vs 0 for Monarchs .
Shots for this period are 9 for Mustangs vs 8 for Monarchs .
2nd period
0:01 of 2nd period - Riley Cote wins face-off versus Riley Sheahan in neutral zone.
1:47 of 2nd period - Andrew Shaw is hit by Jordie Benn and loses puck.
1:51 of 2nd period - Icing by Marcus Foligno.
1:52 of 2nd period - Chris Tierney wins face-off versus Jim O'Brien in Mustangs zone.
1:55 of 2nd period - Slapshot by Brandon Gormley.
1:55 of 2nd period - Shot Blocked by Mark Pysyk.
2:00 of 2nd period - Penalty to Nikita Kucherov is over, Nikita Kucherov is back on ice.
2:07 of 2nd period - Snap shot by Jeff Skinner.
2:07 of 2nd period - Shot Blocked by Alexei Marchenko.
2:09 of 2nd period - Slapshot by Brandon Gormley.
2:09 of 2nd period - Stopped by Peter Mannino without a rebound.
2:10 of 2nd period - Tom Pyatt wins face-off versus Andreas Athanasiou in Mustangs zone.
2:27 of 2nd period - Wrist shot by Justin Williams.
2:27 of 2nd period - Shot Misses the Net.
2:29 of 2nd period - Snap shot by Joshua Leivo.
2:29 of 2nd period - Stopped by Darcy Kuemper without a rebound.
2:30 of 2nd period - Chris Tierney wins face-off versus Jim O'Brien in Monarchs zone.
2:32 of 2nd period - Minor Penalty to Kyle Clifford for Holding.
2:33 of 2nd period - Riley Sheahan wins face-off versus Riley Cote in Monarchs zone.
3:05 of 2nd period - Backhand shot by Tom Pyatt.
3:05 of 2nd period - Shot Misses the Net.
3:07 of 2nd period - Wrist shot by Tom Pyatt.
3:07 of 2nd period - Deflect By Patrick Maroon.
3:07 of 2nd period - Shot Blocked by Cameron Gaunce.
3:07 of 2nd period - Puck is out of play.
3:08 of 2nd period - Tom Pyatt wins face-off versus Riley Sheahan in Mustangs zone.
3:33 of 2nd period - Mark Pysyk is hit by Tom Pyatt and loses puck.
4:20 of 2nd period - Riley Sheahan is hit by Brandon Gormley and loses puck.
4:32 of 2nd period - Penalty to Kyle Clifford is over, Kyle Clifford is back on ice.
4:45 of 2nd period - Joshua Leivo is hit by Tom Pyatt and loses puck.
5:24 of 2nd period - Wrist shot by Ryan White.
5:24 of 2nd period - Stopped by Peter Mannino with a rebound.
6:11 of 2nd period - Jerome Samson is hit by Alec Martinez and loses puck.
6:28 of 2nd period - Riley Cote is hit by Alexei Marchenko and loses puck.
6:39 of 2nd period - Eric Wellwood is hit by Alec Martinez and loses puck.
6:46 of 2nd period - Snap shot by Tom Pyatt.
6:46 of 2nd period - Shot Blocked by Scott Mayfield.
6:48 of 2nd period - Wrist shot by Tom Pyatt.
6:48 of 2nd period - Goal by Tom Pyatt - Mustangs : 0 - Monarchs : 1.
6:49 of 2nd period - Jim O'Brien wins face-off versus Chris Tierney in neutral zone.
6:58 of 2nd period - Snap shot by Marcus Foligno.
6:58 of 2nd period - Stopped by Darcy Kuemper with a rebound.
7:03 of 2nd period - Icing by Kyle Clifford.
7:04 of 2nd period - Riley Sheahan wins face-off versus Chris Tierney in Monarchs zone.
7:49 of 2nd period - Wrist shot by Connor Brown.
7:49 of 2nd period - Deflect By Kyle Clifford.
7:49 of 2nd period - Shot Misses the Net.
7:49 of 2nd period - Puck is out of play.
7:50 of 2nd period - Jim O'Brien wins face-off versus Ryan White in Mustangs zone.
7:57 of 2nd period - Slapshot by Tomas Kubalik.
7:57 of 2nd period - Shot Misses the Net.
7:59 of 2nd period - Snap shot by Tomas Kubalik.
7:59 of 2nd period - Stopped by Peter Mannino with a rebound.
8:01 of 2nd period - Slapshot by Alec Martinez.
8:01 of 2nd period - Shot Blocked by Marcus Foligno.
8:15 of 2nd period - Mark Pysyk is hit by Tom Pyatt and loses puck.
8:24 of 2nd period - Backhand shot by Nikita Kucherov.
8:24 of 2nd period - Shot Blocked by Andreas Athanasiou.
8:36 of 2nd period - Wrist shot by Patrick Maroon.
8:36 of 2nd period - Shot Misses the Net.
9:36 of 2nd period - Icing by Roman Josi.
9:37 of 2nd period - Jim O'Brien wins face-off versus Tom Pyatt in Monarchs zone.
9:40 of 2nd period - Wrist shot by Marcus Foligno.
9:40 of 2nd period - Deflect By Andrew Shaw.
9:40 of 2nd period - Shot Blocked by Tom Pyatt.
9:40 of 2nd period - Puck is out of play.
9:41 of 2nd period - Jim O'Brien wins face-off versus Chris Tierney in Monarchs zone.
10:08 of 2nd period - Jim O'Brien is hit by Roman Josi and loses puck.
10:19 of 2nd period - Wrist shot by Nikita Kucherov.
10:19 of 2nd period - Stopped by Peter Mannino without a rebound.
10:20 of 2nd period - Riley Sheahan wins face-off versus Chris Tierney in Mustangs zone.
10:29 of 2nd period - Slapshot by Brady Skjei.
10:29 of 2nd period - Deflect By Matt Tennyson.
10:29 of 2nd period - Stopped by Darcy Kuemper with a rebound.
10:31 of 2nd period - Slapshot by Brady Skjei.
10:31 of 2nd period - Stopped by Darcy Kuemper with a rebound.
10:33 of 2nd period - Slapshot by Cameron Gaunce.
10:33 of 2nd period - Stopped by Darcy Kuemper without a rebound.
10:34 of 2nd period - Kyle Clifford wins face-off versus Riley Sheahan in Monarchs zone.
10:39 of 2nd period - Josh Jooris is hit by Kyle Clifford and loses puck.
11:22 of 2nd period - Wrist shot by Cameron Gaunce.
11:22 of 2nd period - Stopped by Darcy Kuemper with a rebound.
11:45 of 2nd period - Snap shot by Patrick Maroon.
11:45 of 2nd period - Stopped by Peter Mannino without a rebound.
11:46 of 2nd period - Rick Schofield wins face-off versus Chris Tierney in Mustangs zone.
11:46 of 2nd period - Rick Schofield is hit by Connor Brown.
11:54 of 2nd period - Slapshot by Kyle Clifford.
11:54 of 2nd period - Stopped by Peter Mannino with a rebound.
11:56 of 2nd period - Wrist shot by Kyle Clifford.
11:56 of 2nd period - Shot Blocked by Alexei Marchenko.
11:58 of 2nd period - Wrist shot by Kyle Clifford.
11:58 of 2nd period - Stopped by Peter Mannino without a rebound.
11:59 of 2nd period - Riley Sheahan wins face-off versus Chris Tierney in Mustangs zone.
12:29 of 2nd period - Slapshot by Roman Josi.
12:29 of 2nd period - Shot Blocked by Alexei Marchenko.
12:34 of 2nd period - Minor Penalty to Tomas Kubalik for Roughing.
12:35 of 2nd period - Riley Cote wins face-off versus Riley Sheahan in Monarchs zone.
13:11 of 2nd period - Slapshot by Jim O'Brien.
13:11 of 2nd period - Stopped by Darcy Kuemper with a rebound.
14:29 of 2nd period - Alexei Marchenko is hit by Kyle Clifford and loses puck.
14:34 of 2nd period - Penalty to Tomas Kubalik is over, Tomas Kubalik is back on ice.
15:02 of 2nd period - Denis Bodrov is hit by Chris Tierney and loses puck.
15:26 of 2nd period - Patrick Maroon is hit by Cameron Gaunce and loses puck.
15:50 of 2nd period - Scott Mayfield is hit by Connor Brown.
16:10 of 2nd period - Jerome Samson is hit by Riley Cote and loses puck.
16:31 of 2nd period - Josh Jooris is hit by Bryan Rust and loses puck.
16:38 of 2nd period - Wrist shot by Patrick Maroon.
16:38 of 2nd period - Shot Misses the Net.
16:52 of 2nd period - Mark Pysyk is hit by Chris Tierney and loses puck.
17:43 of 2nd period - Alec Martinez is hit by Riley Sheahan.
17:47 of 2nd period - Backhand shot by Matt Tennyson.
17:47 of 2nd period - Deflect By Josh Jooris.
17:47 of 2nd period - Stopped by Peter Mannino with a rebound.
17:59 of 2nd period - Brady Skjei is hit by Brandon Gormley.
18:43 of 2nd period - Tom Pyatt is hit by Mark Pysyk and loses puck.
18:54 of 2nd period - Joe Morrow is hit by Justin Williams and loses puck.
18:59 of 2nd period - Snap shot by Justin Williams.
18:59 of 2nd period - Goal by Justin Williams - Mustangs : 1 - Monarchs : 1.
19:00 of 2nd period - Riley Sheahan wins face-off versus Chris Tierney in neutral zone.
19:03 of 2nd period - Brandon Gormley is hit by Josh Jooris and loses puck.
19:12 of 2nd period - Wrist shot by Connor Brown.
19:12 of 2nd period - Shot Misses the Net.
19:14 of 2nd period - Slapshot by Brandon Gormley.
19:14 of 2nd period - Shot Blocked by Eric Wellwood.
19:16 of 2nd period - Slapshot by Roman Josi.
19:16 of 2nd period - Shot Misses the Net.
19:26 of 2nd period - Riley Cote is hit by Cameron Gaunce and loses puck.
19:31 of 2nd period - Snap shot by Marcus Foligno.
19:31 of 2nd period - Shot Misses the Net.
Goals for this period are 1 for Mustangs vs 1 for Monarchs .
Shots for this period are 8 for Mustangs vs 9 for Monarchs .
3rd period
0:01 of 3rd period - Chris Tierney wins face-off versus Riley Sheahan in neutral zone.
0:34 of 3rd period - Backhand shot by Justin Williams.
0:34 of 3rd period - Shot Misses the Net.
0:36 of 3rd period - Slapshot by Andreas Athanasiou.
0:36 of 3rd period - Stopped by Darcy Kuemper with a rebound.
0:38 of 3rd period - Snap shot by Joshua Leivo.
0:38 of 3rd period - Shot Blocked by Matt Tennyson.
0:40 of 3rd period - Backhand shot by Cameron Gaunce.
0:40 of 3rd period - Stopped by Darcy Kuemper with a rebound.
1:20 of 3rd period - Jerome Samson is hit by Patrick Maroon and loses puck.
1:32 of 3rd period - Icing by Rick Schofield.
1:33 of 3rd period - Rick Schofield wins face-off versus Chris Tierney in Mustangs zone.
1:44 of 3rd period - Wrist shot by Eric Wellwood.
1:44 of 3rd period - Deflect By Brandon Gormley.
1:44 of 3rd period - Shot Blocked by Chris Tierney.
1:44 of 3rd period - Puck is out of play.
1:45 of 3rd period - Riley Sheahan wins face-off versus Chris Tierney in Monarchs zone.
1:46 of 3rd period - Wrist shot by Eric Wellwood.
1:46 of 3rd period - Shot Blocked by Roman Josi.
1:55 of 3rd period - Snap shot by Kyle Clifford.
1:55 of 3rd period - Stopped by Peter Mannino with a rebound.
1:57 of 3rd period - Snap shot by Brandon Gormley.
1:57 of 3rd period - Deflect By Cameron Gaunce.
1:57 of 3rd period - Stopped by Peter Mannino without a rebound.
1:58 of 3rd period - Riley Sheahan wins face-off versus Chris Tierney in Mustangs zone.
2:05 of 3rd period - Wrist shot by Brady Skjei.
2:05 of 3rd period - Stopped by Darcy Kuemper without a rebound.
2:06 of 3rd period - Riley Sheahan wins face-off versus Chris Tierney in Monarchs zone.
2:39 of 3rd period - Wrist shot by Marcus Foligno.
2:39 of 3rd period - Stopped by Darcy Kuemper without a rebound.
2:40 of 3rd period - Kyle Clifford wins face-off versus Riley Sheahan in Monarchs zone.
2:49 of 3rd period - Snap shot by Eric Wellwood.
2:49 of 3rd period - Shot Misses the Net.
2:51 of 3rd period - Slapshot by Eric Wellwood.
2:51 of 3rd period - Goal by Eric Wellwood - Mustangs : 2 - Monarchs : 1.
2:52 of 3rd period - Riley Sheahan wins face-off versus Chris Tierney in neutral zone.
3:01 of 3rd period - Slapshot by Eric Wellwood.
3:01 of 3rd period - Shot Misses the Net.
3:03 of 3rd period - Snap shot by Eric Wellwood.
3:03 of 3rd period - Stopped by Darcy Kuemper with a rebound.
3:05 of 3rd period - Slapshot by Cameron Gaunce.
3:05 of 3rd period - Stopped by Darcy Kuemper with a rebound.
3:07 of 3rd period - Slapshot by Brady Skjei.
3:07 of 3rd period - Stopped by Darcy Kuemper without a rebound.
3:08 of 3rd period - Tom Pyatt wins face-off versus Jim O'Brien in Monarchs zone.
3:10 of 3rd period - Minor Penalty to Alec Martinez for Interference.
3:11 of 3rd period - Riley Sheahan wins face-off versus Riley Cote in Monarchs zone.
3:17 of 3rd period - Snap shot by Eric Wellwood.
3:17 of 3rd period - Shot Blocked by Jordie Benn.
3:27 of 3rd period - Snap shot by Riley Sheahan.
3:27 of 3rd period - Stopped by Darcy Kuemper with a rebound.
4:25 of 3rd period - Alexei Marchenko is hit by Bryan Rust and loses puck.
5:10 of 3rd period - Penalty to Alec Martinez is over, Alec Martinez is back on ice.
5:32 of 3rd period - Alec Martinez is hit by Denis Bodrov and loses puck.
5:45 of 3rd period - Andreas Athanasiou is hit by Nikita Kucherov.
6:24 of 3rd period - Off-side.
6:25 of 3rd period - Riley Sheahan wins face-off versus Tom Pyatt in neutral zone.
6:28 of 3rd period - Slapshot by Riley Sheahan.
6:28 of 3rd period - Shot Misses the Net.
7:36 of 3rd period - Slapshot by Matt Tennyson.
7:36 of 3rd period - Stopped by Peter Mannino without a rebound.
7:37 of 3rd period - Jerome Samson wins face-off versus Bryan Rust in Mustangs zone.
8:25 of 3rd period - Snap shot by Eric Wellwood.
8:25 of 3rd period - Goal by Eric Wellwood - Mustangs : 3 - Monarchs : 1.
8:26 of 3rd period - Riley Sheahan wins face-off versus Chris Tierney in neutral zone.
8:35 of 3rd period - Slapshot by Kyle Clifford.
8:35 of 3rd period - Stopped by Peter Mannino without a rebound.
8:36 of 3rd period - Riley Sheahan wins face-off versus Chris Tierney in Mustangs zone.
8:48 of 3rd period - Off-side.
8:49 of 3rd period - Connor Brown wins face-off versus Riley Sheahan in neutral zone.
9:05 of 3rd period - Off-side.
9:06 of 3rd period - Jim O'Brien wins face-off versus Tom Pyatt in neutral zone.
9:32 of 3rd period - Chris Tierney is hit by Josh Jooris and loses puck.
9:59 of 3rd period - Slapshot by Tomas Kubalik.
9:59 of 3rd period - Stopped by Peter Mannino without a rebound.
10:00 of 3rd period - Tom Pyatt wins face-off versus Jim O'Brien in Mustangs zone.
10:27 of 3rd period - Eric Wellwood is hit by Brandon Gormley and loses puck.
10:56 of 3rd period - Cameron Gaunce is hit by Jordie Benn and loses puck.
11:15 of 3rd period - Bryan Rust is hit by Cameron Gaunce and loses puck.
13:04 of 3rd period - Snap shot by Marcus Foligno.
13:04 of 3rd period - Goal by Marcus Foligno - Mustangs : 4 - Monarchs : 1.
13:05 of 3rd period - Riley Sheahan wins face-off versus Chris Tierney in neutral zone.
13:10 of 3rd period - Snap shot by Riley Sheahan.
13:10 of 3rd period - Stopped by Darcy Kuemper without a rebound.
13:11 of 3rd period - Riley Sheahan wins face-off versus Chris Tierney in Monarchs zone.
13:19 of 3rd period - Icing by Alec Martinez.
13:20 of 3rd period - Riley Sheahan wins face-off versus Chris Tierney in Monarchs zone.
13:53 of 3rd period - Snap shot by Nikita Kucherov.
13:53 of 3rd period - Shot Misses the Net.
14:05 of 3rd period - Snap shot by Jerome Samson.
14:05 of 3rd period - Deflect By Rick Schofield.
14:05 of 3rd period - Stopped by Darcy Kuemper with a rebound.
14:30 of 3rd period - Slapshot by Riley Sheahan.
14:30 of 3rd period - Shot Hit the Post.
14:52 of 3rd period - Snap shot by Riley Sheahan.
14:52 of 3rd period - Shot Misses the Net.
15:14 of 3rd period - Slapshot by Marcus Foligno.
15:14 of 3rd period - Shot Blocked by Joe Morrow.
15:16 of 3rd period - Wrist shot by Scott Mayfield.
15:16 of 3rd period - Stopped by Darcy Kuemper with a rebound.
15:34 of 3rd period - Snap shot by Riley Cote.
15:34 of 3rd period - Stopped by Peter Mannino with a rebound.
16:24 of 3rd period - Wrist shot by Justin Williams.
16:24 of 3rd period - Stopped by Darcy Kuemper with a rebound.
16:59 of 3rd period - Snap shot by Andrew Shaw.
16:59 of 3rd period - Stopped by Darcy Kuemper with a rebound.
17:01 of 3rd period - Snap shot by Andrew Shaw.
17:01 of 3rd period - Goal by Andrew Shaw - Mustangs : 5 - Monarchs : 1.
17:02 of 3rd period - Chris Tierney wins face-off versus Riley Sheahan in neutral zone.
17:11 of 3rd period - Slapshot by Josh Jooris.
17:11 of 3rd period - Stopped by Darcy Kuemper with a rebound.
17:13 of 3rd period - Wrist shot by Eric Wellwood.
17:13 of 3rd period - Shot Blocked by Roman Josi.
17:27 of 3rd period - Snap shot by Marcus Foligno.
17:27 of 3rd period - Shot Misses the Net.
17:29 of 3rd period - Backhand shot by Jim O'Brien.
17:29 of 3rd period - Stopped by Darcy Kuemper without a rebound.
17:30 of 3rd period - Jim O'Brien wins face-off versus Tom Pyatt in Monarchs zone.
18:01 of 3rd period - Chris Tierney is hit by Josh Jooris and loses puck.
18:35 of 3rd period - Icing by Matt Tennyson.
18:36 of 3rd period - Rick Schofield wins face-off versus Ryan White in Monarchs zone.
18:51 of 3rd period - Slapshot by Riley Cote.
18:51 of 3rd period - Deflect By Tomas Kubalik.
18:51 of 3rd period - Shot Misses the Net.
18:51 of 3rd period - Puck is out of play.
18:52 of 3rd period - Chris Tierney wins face-off versus Jim O'Brien in Mustangs zone.
19:05 of 3rd period - Brandon Gormley is hit by Andrew Shaw and loses puck.
19:18 of 3rd period - Riley Sheahan is hit by Roman Josi and loses puck.
19:23 of 3rd period - Slapshot by Tom Pyatt.
19:23 of 3rd period - Shot Misses the Net.
19:25 of 3rd period - Wrist shot by Tom Pyatt.
19:25 of 3rd period - Shot Blocked by Brady Skjei.
19:39 of 3rd period - Wrist shot by Tomas Kubalik.
19:39 of 3rd period - Deflect By Riley Cote.
19:39 of 3rd period - Stopped by Peter Mannino without a rebound.
19:40 of 3rd period - Andreas Athanasiou wins face-off versus Ryan White in Mustangs zone.
19:40 of 3rd period - Andreas Athanasiou is hit by Riley Cote.
Goals for this period are 4 for Mustangs vs 0 for Monarchs .
Shots for this period are 19 for Mustangs vs 7 for Monarchs .
Back to the Top